 Dungeon Crawl Stone Soup version 0.28.0-45-g0d030f2227 (webtiles) character file.

Game seed: 17960479833267475604

107 Ablot the Cutter (level 4, -1/41 HPs)
             Began as a Gnoll Chaos Knight on Apr 12, 2022.
             Was a Plaything of Xom.
             Slain by a gnoll
             ... wielding a +0 spear
              (5 damage)
             ... on level 3 of the Dungeon.
             The game lasted 00:03:26 (2234 turns).

Ablot the Cutter (Gnoll Chaos Knight)               Turns: 2234, Time: 00:03:27

Health: -1/41      AC:  8    Str: 13    XL:     4   Next: 85%
Magic:  5/5        EV: 12    Int: 12    God:    Xom [...*..]
Gold:   100        SH:  5    Dex: 11    Spells: 5/5 levels left

rFire   . . .      SeeInvis .   a - +0 short sword (chaos)
rCold   . . .      Faith    .   (no shield)
rNeg    . . .      Spirit   .   b - +2 leather armour
rPois   .          Reflect  +   (no helmet)
rElec   .          Harm     .   (no cloak)
rCorr   .          Rampage  .   j - +0 pair of gloves
Will    .....                   k - +0 pair of boots
Stlth   +.........              g - amulet of reflection
HPRegen 0.13/turn               (no ring)
MPRegen 0.09/turn               (no ring)

@: no status effects
A: fangs 1, strong nose, distributed training
a: Renounce Religion


You were on level 3 of the Dungeon.
You worshipped Xom.
You were a favourite toy of Xom.
You visited 1 branch of the dungeon, and saw 3 of its levels.

You collected 122 gold pieces.
You spent 22 gold pieces at shops.

Inventory:

Hand Weapons
 a - a +0 short sword of chaos (weapon)
Missiles
 c - 157 stones
 o - 3 poisoned darts (quivered)
Armour
 b - a +2 leather armour (worn)
 j - a +0 pair of gloves (worn)
 k - a +0 pair of boots (worn)
Jewellery
 g - an amulet of reflection (around neck)
Wands
 e - a wand of acid (6)
Scrolls
 d - 2 scrolls of identify
 f - a scroll of teleportation {unknown}
 h - a scroll of noise {unknown}
 l - a scroll of blinking {unknown}
 m - 2 scrolls of fear {unknown}
 p - a scroll of enchant armour {unknown}
Potions
 i - a potion of flight
 n - a potion of attraction {unknown}


   Skills:
 + Level 6.6 Fighting
 + Level 6.6 Short Blades
 + Level 1.2 Long Blades
 + Level 1.2 Axes
 + Level 1.2 Maces & Flails
 + Level 1.2 Polearms
 + Level 1.2 Staves
 + Level 1.2 Slings
 + Level 1.2 Bows
 + Level 1.2 Crossbows
 + Level 1.2 Throwing
 + Level 4.7 Armour
 + Level 2.8 Dodging
 + Level 1.2 Stealth
 + Level 1.2 Shields
 + Level 1.2 Unarmed Combat
 + Level 1.2 Spellcasting
 + Level 1.0 Conjurations
 + Level 1.0 Hexes
 + Level 1.0 Summonings
 + Level 1.0 Necromancy
 + Level 1.0 Translocations
 + Level 1.0 Transmutations
 + Level 1.0 Fire Magic
 + Level 1.0 Ice Magic
 + Level 1.0 Air Magic
 + Level 1.0 Earth Magic
 + Level 1.0 Poison Magic
 + Level 1.4 Invocations
 + Level 1.2 Evocations


You had 5 spell levels left.
You didn't know any spells.
Your spell library contained the following spells:

 Spells                   Type           Power      Damage    Failure   Level
 Stone Arrow              Conj/Erth      6%         3d7       56%         3
 Animate Armour           Summ/Erth      6%         N/A       93%         4
 Lehudib's Crystal Spear  Conj/Erth      1%         10d2      100%        8


Dungeon Overview and Level Annotations

Branches:
Dungeon (3/15)

Altars:

Shops:
D:1 ?


Innate Abilities, Weirdness & Mutations

You have very sharp teeth.
Your uncanny sense of smell can sniff out nearby items.
Your experience applies equally to all skills.


Message History

You hit the gnoll.
The gnoll is severely wounded.
The gnoll closely misses you.
The hobgoblin hits you but does no damage.
Unknown command.
Things that are here:
a +1 short sword of venom; a kobold corpse You hit the hobgoblin.
You burn the hobgoblin. Your bite misses the hobgoblin.
The hobgoblin is almost dead.
You hit the hobgoblin.
You kill the hobgoblin!
You hit the gnoll. You bite the gnoll, but do no damage.
The gnoll is severely wounded.
You block the gnoll's attack.
You barely miss the gnoll.
The gnoll is severely wounded.
You hit the gnoll.
The gnoll goes berserk!
The gnoll is almost dead.
The gnoll completely misses you. The gnoll barely misses you.
You hit the gnoll but do no damage.
The gnoll suddenly seems more agile.
The gnoll is almost dead.
The gnoll misses you.
The gnoll hits you from afar with a +0 spear.
* * * LOW HITPOINT WARNING * * *
The gnoll hits you with a +0 whip.
* * * LOW HITPOINT WARNING * * *
You hit the gnoll.
You kill the gnoll!
Unknown command.
The gnoll hits you with a +0 spear.
* * * LOW HITPOINT WARNING * * *
You see here a +0 whip.
You barely miss the gnoll. The gnoll hits you with a +0 spear.
* * * LOW HITPOINT WARNING * * *
Your gnoll zombie hits the gnoll.
You hit the gnoll. You freeze the gnoll.
The gnoll is heavily wounded.
The gnoll hits you with a +0 spear.
You die... "It's all fun and games until someone loses an eye."

##................ ..#
#..##.#........... ##.#.
#.........>.....
###....###.#..###..######
........#.#.####.##
#'..##...#.#....#
#...........####
#.gg#...[.############
∆#...#@#...........#...
#.#.gZ######..........
#....## #...........
#..#.# #....÷......
#..#.. ###...........
#.###.. .............. +.
## ###.........). ..
#........... .#
##.....<....


You could see a gnoll (ally target) and a friendly gnoll zombie.

Vanquished Creatures
  Ijyb (D:3)
  2 gnolls (D:3)
  An adder zombie (D:3)
  A worm (D:2)
  3 dart slugs
  An orc (D:2)
  5 ball pythons
  2 bats
  6 endoplasms
  A giant cockroach (D:1)
  4 goblins
  5 hobgoblins
  3 kobolds (D:3)
  2 quokkas (D:1)
  9 frilled lizards (D:2)
  A rat (D:1)
47 creatures vanquished.

Vanquished Creatures (others)
  7 plants
7 creatures vanquished.

Grand Total: 54 creatures vanquished

Notes
Turn   | Place    | Note
-------+----------+-------------------------------------------
     0 | D:1      | Ablot the Gnoll Chaos Knight began the quest for the Orb.
     0 | D:1      | Reached XP level 1. HP: 23/23 MP: 1/1
    70 | D:1      | Found Gaufrec Ykau's Magic Scroll Boutique.
    76 | D:1      | Reached XP level 2. HP: 29/29 MP: 2/2
    96 | D:1      | Bought a scroll of identify for 22 gold pieces
   304 | D:1      | XOM: silly message
   358 | D:1      | XOM: silly message
   833 | D:2      | Reached XP level 3. HP: 12/35 MP: 3/3
  1024 | D:2      | XOM: 4-stop teleportation journey
  1225 | D:2      | Found a faded altar of an unknown god.
  1276 | D:2      | Reached skill level 1 in Invocations
  1338 | D:2      | XOM: silly message
  1893 | D:3      | Noticed Ijyb
  1909 | D:3      | Killed Ijyb
  1910 | D:3      | Reached skill level 1 in Long Blades
  1910 | D:3      | Reached skill level 1 in Axes
  1910 | D:3      | Reached skill level 1 in Maces & Flails
  1910 | D:3      | Reached skill level 1 in Polearms
  1910 | D:3      | Reached skill level 1 in Staves
  1910 | D:3      | Reached skill level 1 in Slings
  1910 | D:3      | Reached skill level 1 in Bows
  1910 | D:3      | Reached skill level 1 in Crossbows
  1910 | D:3      | Reached skill level 1 in Throwing
  1910 | D:3      | Reached skill level 1 in Stealth
  1910 | D:3      | Reached skill level 1 in Shields
  1910 | D:3      | Reached skill level 1 in Unarmed Combat
  1910 | D:3      | Reached skill level 1 in Spellcasting
  1910 | D:3      | Reached skill level 1 in Evocations
  1910 | D:3      | Reached XP level 4. HP: 10/41 MP: 5/5
  2215 | D:3      | Reached skill level 1 in Conjurations
  2215 | D:3      | Reached skill level 1 in Hexes
  2215 | D:3      | Reached skill level 1 in Summonings
  2215 | D:3      | Reached skill level 1 in Necromancy
  2215 | D:3      | Reached skill level 1 in Translocations
  2215 | D:3      | Reached skill level 1 in Transmutations
  2215 | D:3      | Reached skill level 1 in Fire Magic
  2215 | D:3      | Reached skill level 1 in Ice Magic
  2215 | D:3      | Reached skill level 1 in Air Magic
  2215 | D:3      | Reached skill level 1 in Earth Magic
  2215 | D:3      | Reached skill level 1 in Poison Magic
  2234 | D:3      | Slain by a gnoll

Illustrated notes

Levels and vault maps discovered:
D:1:      dpeg_arrival_solitude, layout_basic, serial_shops,
          nicolae_shop_crystal, serial_park_tiny_2
D:2:      layout_basic, chequers_ecumenical_altar_island, minmay_lizard_king
D:3:      cheibrodos_old_hovel, layout_rooms, minivault_11, uniq_ijyb

Skill      XL: |  1  2  3  4 |
---------------+-------------+-----
Invocations    | 1 |  1.4
Long Blades    | 1 |  1.2
Axes           | 1 |  1.2
Maces & Flails | 1 |  1.2
Polearms       | 1 |  1.2
Staves         | 1 |  1.2
Slings         | 1 |  1.2
Bows           | 1 |  1.2
Crossbows      | 1 |  1.2
Throwing       | 1 |  1.2
Stealth        | 1 |  1.2
Shields        | 1 |  1.2
Unarmed Combat | 1 |  1.2
Spellcasting   | 1 |  1.2
Evocations     | 1 |  1.2
Conjurations   | 1 |  1.0
Hexes          | 1 |  1.0
Summonings     | 1 |  1.0
Necromancy     | 1 |  1.0
Translocations | 1 |  1.0
Transmutations | 1 |  1.0
Fire Magic     | 1 |  1.0
Ice Magic      | 1 |  1.0
Air Magic      | 1 |  1.0
Earth Magic    | 1 |  1.0
Poison Magic   | 1 |  1.0
Fighting       | |  6.6
Short Blades   | |  6.6
Armour         | |  4.7
Dodging        | |  2.8

Action                   |  1- 3 |  4- 6 || total
-------------------------+-------+-------++-------
Melee: Short sword       |    99 |    48 ||   147
       Bite              |    12 |     4 ||    16
       Punch             |     1 |     1 ||     2
Throw: Dart              |     6 |       ||     6
  Use: Scroll            |     1 |       ||     1
 Stab: Paralysed         |     1 |       ||     1
Armor: Leather armour    |    19 |     9 ||    28
Dodge: Dodged            |    35 |    20 ||    55
Block: Other             |    14 |     7 ||    21
       Reflection        |       |     2 ||     2
